 Dungeon Crawl Stone Soup version 0.30-a0-777-ga9a30cbeda (webtiles) character file.

Game seed: 6950241546821330441

27476 porpoise the Covert (level 13, -1/89 HPs)
             Began as a Gnoll Enchanter on Feb 14, 2023.
             Was a High Priest of Hepliaklqana.
             Slain by an eight-headed hydra (5 damage)
             ... on level 3 of the Lair of Beasts.
             The game lasted 01:19:19 (15707 turns).

porpoise the Covert (Gnoll Enchanter)              Turns: 15707, Time: 01:19:20

Health: -1/89      AC: 17    Str:  7    XL:     13   Next: 32%
Magic:  23/26      EV: 15    Int: 19    God:    Hepliaklqana [*****.]
Gold:   447        SH:  6    Dex: 14    Spells: 13/31 levels left

rFire   + + .      SeeInvis .    a - +5 dagger of Sharkskin {venom, rF++}
rCold   . . .      Faith    .    o - +0 buckler
rNeg    . . .      Spirit   .    L - +3 leather armour of Xifutyr {rElec rPois}
rPois   +          Reflect  .    Z - +1 hat
rElec   +          Harm     .    J - +1 cloak {Stlth+}
rCorr   .          Rampage  .    (no gloves)
Will    +....                    C - +2 pair of boots
Stlth   +++++                    (no amulet)
HPRegen 0.34/turn                t - +4 ring of protection
MPRegen 0.20/turn                s - ring of willpower

@: confusing by touch
A: reduced essence, fangs 1, strong nose, distributed training
a: Renounce Religion, Recall Ancestor, Ancestor Identity, Transference, Idealise


You were on level 3 of the Lair of Beasts.
You worshipped Hepliaklqana.
Hepliaklqana was extremely pleased with you.
You visited 3 branches of the dungeon, and saw 14 of its levels.

You collected 777 gold pieces.
You spent 330 gold pieces at shops.

Inventory:

Hand Weapons
 a - the +5 dagger of Sharkskin (weapon) {venom, rF++}
   (You found it on level 2 of the Dungeon)

   rF:        It greatly protects you from fire.
 b - a +6 demon trident
 l - a +2 sling of draining
Missiles
 g - 20 poisoned darts (quivered)
 i - 2 curare-tipped darts
 j - 6 javelins
Armour
 m - the +0 scale mail "Mijoez" {Drain rElec rCorr}
   (You took it off Urug on level 2 of the Lair of Beasts)

   rElec:     It insulates you from electricity.
   rCorr:     It protects you from acid and corrosion.
   Drain:     It drains your maximum health when unequipped.
 o - a +0 buckler (worn)
 C - a +2 pair of boots (worn)
 J - a +1 cloak of stealth (worn)
 L - the +3 leather armour of Xifutyr (worn) {rElec rPois}
   (You found it on level 8 of the Dungeon)

   rElec:     It insulates you from electricity.
   rPois:     It protects you from poison.
 Z - a +1 hat (worn)
Magical Staves
 x - a staff of earth
Jewellery
 s - a ring of willpower (right hand)
 t - a +4 ring of protection (left hand)
Wands
 w - a wand of digging (8)
 D - a wand of roots (27)
 E - a wand of paralysis (19)
Scrolls
 e - a scroll of fear {unknown}
 f - 3 scrolls of fog
 n - a scroll of immolation
 p - 3 scrolls of teleportation
 u - 3 scrolls of vulnerability
Potions
 c - 3 potions of invisibility
 d - a potion of might
 h - 4 potions of lignification
 k - 2 potions of attraction
 q - a potion of ambrosia
 r - 4 potions of haste
 v - 3 potions of heal wounds
 z - a potion of mutation
 B - a potion of flight {unknown}
 F - a potion of resistance
 K - a potion of experience {unknown}
Miscellaneous
 S - a tin of tremorstones (1/2)


   Skills:
 + Level 8.5 Fighting
 + Level 8.9 Short Blades
 + Level 8.5 Long Blades
 + Level 8.5 Axes
 + Level 8.5 Maces & Flails
 + Level 8.5 Polearms
 + Level 8.5 Staves
 + Level 8.5 Ranged Weapons
 + Level 8.5 Throwing
 + Level 8.5 Armour
 + Level 9.7 Dodging
 + Level 10.4 Stealth
 + Level 8.5 Shields
 + Level 8.5 Unarmed Combat
 + Level 9.9 Spellcasting
 + Level 7.0 Conjurations
 + Level 9.0 Hexes
 + Level 7.0 Summonings
 + Level 7.0 Necromancy
 + Level 7.0 Translocations
 + Level 7.0 Transmutations
 + Level 7.0 Fire Magic
 + Level 7.0 Ice Magic
 + Level 7.0 Air Magic
 + Level 7.0 Earth Magic
 + Level 7.0 Poison Magic
 + Level 9.3 Invocations
 + Level 8.5 Evocations


You had 13 spell levels left.
You knew the following spells:

 Your Spells              Type           Power      Damage    Failure   Level
a - Confusing Touch       Hex            43%        N/A       1%          3
e - Ensorcelled Hibernat  Hex/Ice        80%        N/A       1%          2
i - Ignite Poison         Fire/Tmut/Pois 36%        N/A       2%          3
m - Mephitic Cloud        Conj/Pois/Air  36%        N/A       2%          3
o - Olgreb's Toxic Radia  Pois           36%        N/A       7%          4
t - Tukima's Dance        Hex            43%        N/A       1%          3

Your spell library contained the following spells:

 Spells                   Type           Power      Damage    Failure   Level
 Beastly Appendage        Tmut           72%        N/A       1%          1
 Magic Dart               Conj           100%       1d8       1%          1
 Sting                    Tmut/Pois      100%       1d8       1%          1
 Call Imp                 Summ           36%        N/A       1%          2
 Poisonous Vapours        Pois/Air       72%        N/A       1%          2
 Searing Ray              Conj           72%        2d7       1%          2
 Wereblood                Tmut           36%        N/A       1%          2
 Dazzling Flash           Conj/Hex       80%        N/A       1%          3
 Summon Guardian Golem    Hex/Summ       40%        N/A       1%          3
 Gell's Gravitas          Tloc           36%        N/A       2%          3
 Ozocubu's Armour         Ice            36%        N/A       2%          3
 Spider Form              Tmut/Pois      36%        N/A       2%          3
 Stone Arrow              Conj/Erth      72%        3d11      2%          3
 Teleport Other           Tloc           36%        N/A       2%          3
 Anguish                  Hex/Necr       20%        N/A       4%          4
 Fulminant Prism          Conj/Hex       20%        3d12      4%          4
 Animate Armour           Summ/Erth      72%        N/A       7%          4
 Sticky Flame             Conj/Fire      36%        2d6       7%          4
 Summon Lightning Spire   Summ/Air       36%        N/A       7%          4
 Dispersal                Tloc           18%        N/A       73%         6
 Orb of Destruction       Conj           18%        9d8       99%         7
 Ozocubu's Refrigeration  Ice            18%        4d11      99%         7
 Spellforged Servitor     Conj/Summ      18%        N/A       99%         7
 Storm Form               Tmut/Air       18%        N/A       99%         7
 Ignition                 Fire           18%        3d7       100%        8
 Lehudib's Crystal Spear  Conj/Erth      18%        10d5      100%        8
 Maxwell's Capacitive Co  Air            18%        ∞         100%        8


Dungeon Overview and Level Annotations

Branches:
Dungeon (10/15)            Temple (1/1) D:4            Lair (3/5) D:10
 Shoals (0/4) Lair:2       Spider (0/4) Lair:2          Orc (0/2) D:10

Altars:
Ashenzari
Cheibriados
Dithmenos
Elyvilon
Fedhas
Gozag
Hepliaklqana
Kikubaaqudgha
Makhleb
Nemelex Xobeh
Okawaru
Qazlal
Ru
Sif Muna
Trog
Uskayaw
Vehumet
Wu Jian
Xom
Yredelemnul
Zin
The Shining One

Shops:
D:1 =   D:6 [   D:7 **

Annotations:
Lair:1 exclusion: oklob plant


Innate Abilities, Weirdness & Mutations

Your life essence is reduced to manifest your ancestor. (-10% HP)
You have very sharp teeth.
Your uncanny sense of smell can sniff out nearby items.
Your experience applies equally to all skills.


Message History

The eight-headed hydra resists with almost no effort.
There is an open door here.
Casting: Confusing Touch (safe; 1% risk of failure)
Confirm with . or Enter, or press ? or * to list all spells.
Your hands begin to glow red.
Missi gestures at the eight-headed hydra while chanting.
The eight-headed hydra resists with almost no effort.
The eight-headed hydra bites you. The eight-headed hydra bites you!
The eight-headed hydra barely misses you.
The eight-headed hydra bites you.
The eight-headed hydra closely misses you. x2
The eight-headed hydra bites you but does no damage.
You block the eight-headed hydra's attack.
You hit the eight-headed hydra but do no damage.
You hit the eight-headed hydra but do no damage.
You block the eight-headed hydra's attack.
The eight-headed hydra bites you!
The eight-headed hydra barely misses you.
The eight-headed hydra bites you but does no damage.
The eight-headed hydra bites you! The eight-headed hydra bites you.
The eight-headed hydra bites you but does no damage.
You block the eight-headed hydra's attack.
You hit the eight-headed hydra but do no damage.
The eight-headed hydra barely misses you.
The eight-headed hydra bites you!
The eight-headed hydra barely misses you.
The eight-headed hydra bites you! x2
* * * LOW HITPOINT WARNING * * *
The eight-headed hydra bites you.
* * * LOW HITPOINT WARNING * * *
The eight-headed hydra closely misses you. x2
The eight-headed hydra attacks as you move away!
The eight-headed hydra bites you but does no damage.
The eight-headed hydra barely misses you.
The eight-headed hydra bites you but does no damage.
You block the eight-headed hydra's attack. x2
The eight-headed hydra bites you!
* * * LOW HITPOINT WARNING * * *
The eight-headed hydra bites you.
You die...

.#...##.<........#####.#.#####...
.####.[#...##.#.#.#...#.#.###..#.
...........#.#.####..#.#..#..#.#.
..<................(#.#...##..#..
...........#######.#.#.....#..#..
...........#P...P#.#.#.#..#.#.#..
...........#.###.#.#...##.##.....
#.#.#......#.+/#R'...#.##...#....
###...P#...#.###@#.#.#.##..##.#..
#∆.........#P..DP#.#.#..###.#....
......#....#######.....#..#####..
.......#..... ..................
......# ....# ...............#.#
## ..##......##...... # #
#.......##'#### .. #........##.#
# .. ........#...####


You could see the friendly Missi the hexer and an eight-headed hydra (ally
target).

Vanquished Creatures
  Josephine (Lair:3)
  A boulder beetle (Lair:3)
  5 death yaks (Lair:2)
  Urug (Lair:2)
  Sonja (Lair:2)
  A pharaoh ant (Lair:2)
  A cyclops (D:8)
  A water nymph (Lair:2)
  A gargoyle (D:10)
  6 cane toads
  Maggie (Lair:2)
  3 rime drakes
  3 komodo dragons
  A troll (D:9)
  A tarantella (Lair:2)
  11 blink frogs (Lair:2)
  8 polar bears
  A jumping spider (Lair:2)
  A shadow (D:10)
  9 yaks
  4 wraiths (Lair:3)
  3 wyverns
  A basilisk (Lair:2)
  3 steam dragons
  A redback (Lair:1)
  An acid dragon (D:10)
  5 wargs (D:10)
  Edmund (D:4)
  Duvessa (D:6)
  3 water moccasins
  3 ice beasts
  3 black bears
  3 orc warriors
  2 centaurs
  A wolf (Lair:2)
  8 bullfrogs
  3 scorpions (D:5)
  2 necrophages
  6 wights
  Dowan (D:6)
  8 howler monkeys
  17 killer bees
  2 electric eels (Lair:2)
  4 hounds
  4 jellies
  4 orc priests
  Crazy Yiuf (D:6)
  9 orc wizards
  5 iguanas
  7 adders
  5 gnolls
  A shadow imp (D:7)
  2 white imps
  An ufetubus (D:5)
  2 worms
  3 dart slugs
  25 orcs
  7 ball pythons
  3 bats
  10 endoplasms
  A giant cockroach (D:4)
  5 goblins
  11 hobgoblins
  2 jackals (D:3)
  4 kobolds
  2 quokkas
  3 frilled lizards
  A rat (D:3)
262 creatures vanquished.

Vanquished Creatures (collateral kills)
  A catoblepas (Lair:3)
  Joseph (D:9)
  2 cane toads
  A kobold demonologist (D:10)
  2 rime drakes
  2 blink frogs (Lair:2)
  A shadow (D:10)
  A basilisk (Lair:2)
  A warg (D:10)
  An acid dragon (D:9)
  A water moccasin (D:9)
  An orc warrior (D:10)
  A black bear (Lair:1)
  2 wolves (Lair:2)
  2 gnoll sergeants
  3 bullfrogs
  2 wights (D:9)
  4 killer bees
  An electric eel (Lair:2)
  5 orc priests
  2 orc wizards (D:10)
  7 gnolls
  An adder (D:6)
  A shadow imp (D:6)
  A white imp (D:7)
  3 orcs
50 creatures vanquished.

Vanquished Creatures (others)
  3 hexers
  2 bushes (Lair:2)
  9 fungi
  15 plants
29 creatures vanquished.

Grand Total: 341 creatures vanquished

Notes
Turn   | Place    | Note
-------+----------+-------------------------------------------
     0 | D:1      | porpoise the Gnoll Enchanter began the quest for the Orb.
     0 | D:1      | Reached XP level 1. HP: 13/13 MP: 6/6
   219 | D:1      | Reached XP level 2. HP: 19/19 MP: 7/7
   281 | D:1      | Learned a level 2 spell: Ensorcelled Hibernation
   554 | D:1      | Found Paintuch's Jewellery Shoppe.
   967 | D:2      | Reached skill level 6 in Stealth
   967 | D:2      | Reached skill level 5 in Spellcasting
   967 | D:2      | Reached XP level 3. HP: 11/25 MP: 0/9
  1074 | D:2      | Reached skill level 1 in Invocations
  1087 | D:2      | Reached skill level 1 in Fighting
  1087 | D:2      | Reached skill level 1 in Long Blades
  1087 | D:2      | Reached skill level 1 in Axes
  1087 | D:2      | Reached skill level 1 in Maces & Flails
  1087 | D:2      | Reached skill level 1 in Polearms
  1087 | D:2      | Reached skill level 1 in Staves
  1087 | D:2      | Reached skill level 1 in Ranged Weapons
  1087 | D:2      | Reached skill level 1 in Throwing
  1087 | D:2      | Reached skill level 1 in Armour
  1087 | D:2      | Reached skill level 1 in Shields
  1087 | D:2      | Reached skill level 1 in Unarmed Combat
  1087 | D:2      | Reached skill level 1 in Evocations
  1135 | D:2      | Reached XP level 4. HP: 32/32 MP: 6/11
  1178 | D:2      | Identified the +5 dagger of Sharkskin {venom, rF++}
  1305 | D:2      | Reached skill level 1 in Conjurations
  1305 | D:2      | Reached skill level 1 in Summonings
  1305 | D:2      | Reached skill level 1 in Necromancy
  1305 | D:2      | Reached skill level 1 in Translocations
  1305 | D:2      | Reached skill level 1 in Transmutations
  1305 | D:2      | Reached skill level 1 in Fire Magic
  1305 | D:2      | Reached skill level 1 in Ice Magic
  1305 | D:2      | Reached skill level 1 in Air Magic
  1305 | D:2      | Reached skill level 1 in Earth Magic
  1305 | D:2      | Reached skill level 1 in Poison Magic
  1515 | D:2      | Learned a level 3 spell: Confusing Touch
  1519 | D:2      | Learned a level 3 spell: Tukima's Dance
  1750 | D:3      | Reached XP level 5. HP: 37/37 MP: 12/12
  2340 | D:3      | Found an ornate altar of the Wu Jian Council.
  2457 | D:4      | Reached XP level 6. HP: 17/44 MP: 7/13
  2633 | D:4      | Reached skill level 5 in Dodging
  2686 | D:4      | Found a staircase to the Ecumenical Temple.
  2889 | Temple   | Entered the Ecumenical Temple
  3096 | Temple   | Became a worshipper of Hepliaklqana the Forgotten
  3289 | D:4      | Noticed Edmund
  3293 | D:4      | Killed Edmund
  3294 | D:4      | Reached XP level 7. HP: 50/50 MP: 15/15
  3642 | D:5      | Entered Level 5 of the Dungeon
  3775 | D:5      | Found a shimmering blue altar of Sif Muna.
  3802 | D:5      | Learned a level 4 spell: Olgreb's Toxic Radiance
  3806 | D:5      | Learned a level 3 spell: Ignite Poison
  4002 | D:5      | Reached * piety under Hepliaklqana
  4005 | D:5      | Identified the amulet "Moronan" {rElec rF+ rC- Regen+
                  | Dex+5}
  4193 | D:5      | Reached XP level 8. HP: 52/52 MP: 16/16
  4244 | D:5      | Found a glowing silver altar of Zin.
  4460 | D:5      | Found an opulent altar of Gozag.
  4738 | D:6      | Found Askeek's Antique Armour Shop.
  4743 | D:6      | Bought a pair of runed boots for 165 gold pieces
  4861 | D:6      | Noticed Dowan
  4862 | D:6      | Noticed Duvessa
  4869 | D:6      | Killed Duvessa
  4878 | D:6      | Killed Dowan
  4879 | D:6      | Reached skill level 7 in Stealth
  4886 | D:6      | HP: 2/52 [shadow imp/nerve-wracking pain (13)]
  5297 | D:6      | Found a runed translucent door.
  5298 | D:6      | Noticed Crazy Yiuf
  5305 | D:6      | Killed Crazy Yiuf
  5448 | D:7      | Reached ** piety under Hepliaklqana
  5449 | D:7      | Remembered your ancestor Missi as a hexer
  5466 | D:7      | Reached XP level 9. HP: 44/58 MP: 16/18
  5715 | D:7      | Reached skill level 5 in Short Blades
  5850 | D:7      | Found a hide-covered altar of Uskayaw.
  5850 | D:7      | Noticed a +0 spear
  5851 | D:7      | Noticed a +0 short sword
  5851 | D:7      | Noticed a +0 spear
  5852 | D:7      | Noticed a +0 dagger
  5852 | D:7      | Noticed a +0 falchion
  5852 | D:7      | Noticed a +0 dagger
  5854 | D:7      | Noticed a +0 falchion
  5854 | D:7      | Noticed a +0 short sword
  5864 | D:7      | Found Marutel's Specific Store.
  5864 | D:7      | Found Cunnosh's General Store.
  6021 | D:6      | Bought an embroidered cloak for 165 gold pieces
  6740 | D:8      | Reached skill level 5 in Invocations
  6857 | D:8      | Identified the +3 leather armour of Xifutyr {rElec rPois}
  6937 | D:8      | Found a burning altar of Makhleb.
  7083 | D:8      | Reached *** piety under Hepliaklqana
  7163 | D:8      | Noticed a cyclops
  7177 | D:8      | Killed a cyclops
  7178 | D:8      | Reached skill level 5 in Fighting
  7178 | D:8      | Reached skill level 5 in Long Blades
  7178 | D:8      | Reached skill level 5 in Axes
  7178 | D:8      | Reached skill level 5 in Maces & Flails
  7178 | D:8      | Reached skill level 5 in Polearms
  7178 | D:8      | Reached skill level 5 in Staves
  7178 | D:8      | Reached skill level 5 in Ranged Weapons
  7178 | D:8      | Reached skill level 5 in Throwing
  7178 | D:8      | Reached skill level 5 in Armour
  7178 | D:8      | Reached skill level 5 in Shields
  7178 | D:8      | Reached skill level 5 in Unarmed Combat
  7178 | D:8      | Reached skill level 5 in Evocations
  7178 | D:8      | Reached XP level 10. HP: 54/66 MP: 15/20
  7255 | D:8      | Reached skill level 8 in Stealth
  8002 | D:9      | Noticed Joseph
  8019 | D:9      | Killed Joseph
  8434 | D:9      | Found a broken altar of Ashenzari.
  8723 | D:10     | Entered Level 10 of the Dungeon
  9136 | D:10     | Found a staircase to the Orcish Mines.
  9148 | D:10     | Reached skill level 5 in Conjurations
  9148 | D:10     | Reached skill level 5 in Summonings
  9148 | D:10     | Reached skill level 5 in Necromancy
  9148 | D:10     | Reached skill level 5 in Translocations
  9148 | D:10     | Reached skill level 5 in Transmutations
  9148 | D:10     | Reached skill level 5 in Fire Magic
  9148 | D:10     | Reached skill level 5 in Ice Magic
  9148 | D:10     | Reached skill level 5 in Air Magic
  9148 | D:10     | Reached skill level 5 in Earth Magic
  9148 | D:10     | Reached skill level 5 in Poison Magic
  9148 | D:10     | Reached XP level 11. HP: 45/72 MP: 18/22
  9578 | D:10     | Found a shadowy altar of Dithmenos.
  9768 | D:10     | Found a staircase to the Lair.
 10152 | Lair:1   | Entered Level 1 of the Lair of Beasts
 10336 | Lair:1   | Reached **** piety under Hepliaklqana
 10439 | Lair:1   | Reached skill level 9 in Stealth
 11229 | Lair:1   | Noticed an oklob plant
 11686 | Lair:2   | Found a hole to the Spider Nest.
 11686 | Lair:2   | Noticed a pharaoh ant
 11699 | Lair:2   | Killed a pharaoh ant
 12044 | Lair:2   | Noticed Sonja
 12046 | Lair:2   | Reached XP level 12. HP: 81/81 MP: 24/24
 12055 | Lair:2   | Killed Sonja
 12285 | Lair:2   | Noticed a death yak
 12285 | Lair:2   | Noticed a death yak
 12287 | Lair:2   | Noticed a death yak
 12287 | Lair:2   | Noticed a death yak
 12289 | Lair:2   | Noticed a death yak
 12799 | Lair:2   | Found a staircase to the Shoals.
 13343 | Lair:2   | Noticed Maggie
 13353 | Lair:2   | Killed Maggie
 13460 | Lair:2   | Reached ***** piety under Hepliaklqana
 13557 | Lair:2   | Killed a death yak
 13561 | Lair:2   | Killed a death yak
 13562 | Lair:2   | Reached skill level 10 in Stealth
 13565 | Lair:2   | Killed a death yak
 13580 | Lair:2   | Killed a death yak
 13593 | Lair:2   | Killed a death yak
 13839 | Lair:2   | Identified the +0 scale mail "Mijoez" {Drain rElec rCorr}
 13839 | Lair:2   | Noticed Urug
 13863 | Lair:2   | Killed Urug
 14057 | Lair:3   | Reached XP level 13. HP: 81/88 MP: 26/26
 14245 | Lair:3   | Noticed Josephine
 14270 | Lair:3   | Killed Josephine
 15481 | Lair:3   | Learned a level 3 spell: Mephitic Cloud
 15707 | Lair:3   | HP: 4/89 [eight-headed hydra (11)]
 15707 | Lair:3   | Slain by an eight-headed hydra

Illustrated notes

Levels and vault maps discovered:
D:1:      mrwooster_arrival_statue_3, layout_loops_ring, serial_shops,
          nicolae_shop_statue_plus, minmay_hexomino_f4
D:2:      layout_rooms, minmay_misc_feat_five, grunt_decor_fettered
D:3:      layout_rooms, mainiacjoe_overflow_alcove_2, nicolae_underground_beach
D:4:      nicolae_cairo_tiling_large_dashed, layout_loops_ring,
          minmay_temple_entry_grid, st_stairs_3, skrybe_limestone_x, uniq_edmund
D:5:      layout_loops_ring, mainiacjoe_overflow_catch_the_wave, zin_academy,
          due_unseen_surprise
D:6:      layout_loops_cross, serial_shops, nicolae_shop_hallway_plus,
          kennysheep_generic_room_8, uniq_duvessa, uniq_crazy_yiuf_cottage
D:7:      layout_gridville, nicolae_uskayaw_en_pointe, nicolae_specific_store
D:8:      layout_basic, makhleb_blood_cavern_becter, roderic_three_in_a_row
D:9:      layout_rooms, nicolae_ashenzari_skybound, uniq_joseph
D:10:     layout_rooms, grunt_dithmenos_shadows, erik_lair_orcish_takeover,
          minmay_orc_entry_guard_dogs
Temple:   dpeg_chambers_temple
Lair:1:   layout_regular_city, cheibrodos_lair_lostbears
Lair:2:   layout_chaotic_city, nicolae_shoals_entry_flooding,
          nicolae_spider_entry_lesser_pyramids, portal_ice_cave_entry_pillars_1,
          uniq_maggie, uniq_urug, uniq_sonja
Lair:3:   layout_regular_city, minmay_shattered_shrine, uniq_josephine

Skill      XL: |  1  2  3  4  5  6  7  8  9 10 11 12 13 |
---------------+----------------------------------------+-----
Stealth        | 6 7 8 9 10 | 10.4
Spellcasting   | 5 6 7 8 9 |  9.9
Invocations    | 1 2 3 4 5 6 7 8 9 |  9.3
Fighting       | 1 2 3 5 6 7 8 |  8.5
Long Blades    | 1 2 3 5 6 7 8 |  8.5
Axes           | 1 2 3 5 6 7 8 |  8.5
Maces & Flails | 1 2 3 5 6 7 8 |  8.5
Polearms       | 1 2 3 5 6 7 8 |  8.5
Staves         | 1 2 3 5 6 7 8 |  8.5
Ranged Weapons | 1 2 3 5 6 7 8 |  8.5
Throwing       | 1 2 3 5 6 7 8 |  8.5
Armour         | 1 2 3 5 6 7 8 |  8.5
Shields        | 1 2 3 5 6 7 8 |  8.5
Unarmed Combat | 1 2 3 5 6 7 8 |  8.5
Evocations     | 1 2 3 5 6 7 8 |  8.5
Conjurations   | 1 2 3 4 5 6 7 |  7.0
Summonings     | 1 2 3 4 5 6 7 |  7.0
Necromancy     | 1 2 3 4 5 6 7 |  7.0
Translocations | 1 2 3 4 5 6 7 |  7.0
Transmutations | 1 2 3 4 5 6 7 |  7.0
Fire Magic     | 1 2 3 4 5 6 7 |  7.0
Ice Magic      | 1 2 3 4 5 6 7 |  7.0
Air Magic      | 1 2 3 4 5 6 7 |  7.0
Earth Magic    | 1 2 3 4 5 6 7 |  7.0
Poison Magic   | 1 2 3 4 5 6 7 |  7.0
Short Blades   | 3 4 5 6 7 8 |  8.9
Dodging        | 5 6 7 8 9 |  9.7
Hexes          | 6 7 8 9 |  9.0

Action                     |  1- 3 |  4- 6 |  7- 9 | 10-12 | 13-15 || total
---------------------------+-------+-------+-------+-------+-------++-------
  Melee: Dagger            |    44 |   105 |   224 |   525 |   129 ||  1027
         Bite              |     3 |     2 |    22 |    79 |    21 ||   127
         Punch             |       |     2 |     6 |    32 |     6 ||    46
         Demon trident     |       |       |       |       |    18 ||    18
  Throw: Boomerang         |     1 |       |       |       |       ||     1
         Dart              |       |       |       |    17 |       ||    17
   Cast: Ensorcelled Hiber |    15 |    12 |    14 |     9 |       ||    50
         Confusing Touch   |       |     6 |    21 |    51 |     9 ||    87
         Ignite Poison     |       |       |       |    16 |       ||    16
         Tukima's Dance    |       |       |       |     2 |       ||     2
         Olgreb's Toxic Ra |       |       |       |     9 |       ||     9
 Invoke: Ancestor Identity |       |       |     2 |       |       ||     2
         Ancestor Life: He |       |       |     1 |       |       ||     1
         Recall Ancestor   |       |       |       |     4 |       ||     4
  Evoke: Wand              |       |       |     2 |     2 |       ||     4
         Tin of tremorston |       |       |       |     2 |       ||     2
    Use: Scroll            |     2 |     6 |     5 |     9 |       ||    22
         Potion            |       |       |     2 |     5 |     1 ||     8
   Stab: Sleeping          |    14 |    17 |    19 |     5 |     2 ||    57
         Confused          |       |       |    12 |    31 |     6 ||    49
         Paralysed         |       |       |     1 |       |       ||     1
         Distracted        |       |       |       |     4 |     3 ||     7
         Invisible         |       |       |       |     2 |       ||     2
 Armour: Robe              |     4 |    16 |    27 |       |       ||    47
         Leather armour    |       |       |     8 |   140 |    36 ||   184
  Dodge: Dodged            |    19 |    38 |   104 |   293 |    56 ||   510
  Block: Buckler           |       |       |       |       |    10 ||    10

Table legend: (Time is in decaauts)
 A = Elapsed time spent in this place.
 B = Non-inter-level travel time spent in this place.
 C = Inter-level travel time spent in this place.
 D = Time resting spent in this place.
 E = Time spent auto-exploring this place.
 F = Levels seen in this place.
 G = Mean time per level.
                   A        B        C        D        E       F      G
               +--------+--------+--------+--------+--------+-----+--------+
         Total |  15410 |  14826 |    584 |   5884 |   6096 |  14 | 1100.7 |
       Dungeon |   9773 |   9352 |    421 |   2950 |   4468 |  10 |  977.3 |
        Temple |    228 |    207 |     21 |      0 |    192 |   1 |  228.0 |
          Lair |   5408 |   5266 |    142 |   2934 |   1436 |   3 | 1802.7 |
               +--------+--------+--------+--------+--------+-----+--------+

Top non-repeatable levels by time:
  Lair:1: 2074 daAuts
  Lair:2: 1712 daAuts
  Lair:3: 1621 daAuts
     D:8: 1509 daAuts
     D:7: 1076 daAuts
    D:10: 1031 daAuts
     D:9: 1011 daAuts
     D:4: 1001 daAuts
     D:5: 907 daAuts
     D:1: 906 daAuts
     D:6: 846 daAuts
     D:2: 824 daAuts
     D:3: 657 daAuts
  Temple: 228 daAuts
